Map: Prion Terraces

Players

Kirk

  • Race: Zerg Zerg
  • League: Master

xKawaiian - Winner!

  • Race: Terran Terran
  • League: Master

VOD

Have the link to the VOD?

Description

Time

  • Played on: Jan. 12, 2016, 8:05 p.m.
  • Length: 8:37
Show
View Real Time Build Order
Export as new Build Order

Kirk Zerg 

Build Orders: Hatch First 

Get SALT Encoding   

  12  0:03  Drone  
  13  0:16  Overlord  
  13  0:20  Drone  
  14  0:35  Drone x2  
  16  0:40  Drone  
  17  0:49  Drone  
  18  1:00  Drone  
  19  1:10  Hatchery, Drone  
  19  1:17  Spawning Pool  
  18  1:20  Extractor  
  18  1:22  Drone  
  18  1:46  Drone x2  
  20  1:53  Drone  
  21  2:03  Hatchery  
  21  2:06  Queen  
  22  2:13  Overlord  
  22  2:25  Metabolic Boost  
  22  2:28  Zergling x4  
  23  2:38  Extractor  
  22  2:44  Spore Crawler  
  23  2:54  Zergling x2  
  23  2:55  Zergling x8  
  28  3:03  Burrow  
  28  3:04  Drone  
  29  3:06  Queen  
  29  3:10  Drone x2  
  33  3:15  Drone  
  33  3:17  Drone  
  35  3:21  Drone  
  36  3:27  Drone x2  
  36  3:31  Drone  
  36  3:32  Drone  
  40  3:37  Drone x2  
  42  3:50  Overlord x2  
  42  4:00  Roach Warren, Extractor  
  40  4:03  Evolution Chamber  
  40  4:05  Evolution Chamber  
  36  4:14  Zergling x4  
  36  4:15  Zergling x8  
  36  4:16  Zergling x2  
  43  4:19  Queen  
  43  4:21  Queen  
  43  4:22  Zergling x4  
  44  4:31  Overlord x2  
  44  4:47  Drone x9  
  44  4:50  Drone x5  
  44  4:51  Overlord  
  46  4:56  Roach Warren  
  44  5:20  Zerg Missile Weapons Level 1, Zerg Ground Armor Level 1  
  45  5:36  Roach  
  45  5:37  Roach x5  
  57  5:58  Drone x5  
  57  5:59  Drone x5  
  57  6:00  Drone  
  57  6:02  Queen  
  70  6:10  Lair  
  70  6:23  Drone x3  
  70  6:24  Drone  
  70  6:25  Overlord x2  
  74  6:26  Overlord x2  
  74  6:30  Drone x3, Extractor  
  74  6:31  Overlord  
  67  6:44  Roach x6  
  79  6:48  Extractor  
  79  6:49  Roach x3  
  79  6:50  Roach  
  86  6:54  Roach x2  
  86  6:58  Queen  
  90  7:02  Roach  
  90  7:03  Roach  
  90  7:04  Extractor  
  93  7:14  Roach x3  
  93  7:15  Roach x8  
  99  7:18  Roach  
  99  7:20  Roach  
  99  7:22  Drone  
  96  7:29  Roach x2  
  82  7:35  Queen  
  75  7:43  Roach x13  
  75  7:55  Roach x5  
  75  7:58  Roach  
  87  8:16  Roach x3  
Show
View Real Time Build Order
Export as new Build Order

xKawaiian Terran - Winner!

Build Orders: Reaper Expand, MMM Bio 

Get SALT Encoding   

  12  0:00  SCV  
  13  0:13  SCV  
  14  0:17  Supply Depot  
  14  0:25  SCV  
  15  0:39  SCV  
  15  0:40  Barracks  
  16  0:46  Refinery  
  16  0:51  SCV  
  17  1:03  SCV  
  18  1:15  SCV  
  19  1:27  Orbital Command  
  19  1:30  Reaper  
  20  1:39  Command Center  
  20  1:48  Supply Depot  
  20  1:53  SCV  
  21  2:02  Barracks Reactor  
  21  2:06  Barracks  
  22  2:13  SCV  
  22  2:16  Barracks  
  22  2:25  SCV  
  23  2:37  SCV, Refinery  
  23  2:39  Reaper x2  
  26  2:49  SCV  
  28  2:53  Orbital Command  
  28  2:57  Barracks Tech Lab  
  27  3:01  SCV  
  27  3:03  Marine  
  29  3:10  Supply Depot  
  31  3:13  SCV  
  31  3:14  Reaper x2  
  32  3:20  Marine  
  32  3:21  Marine  
  32  3:25  SCV  
  35  3:31  SCV  
  36  3:37  Marine  
  36  3:38  SCV  
  36  3:39  Marine  
  36  3:40  Stimpack  
  39  3:43  SCV  
  39  3:45  Marine  
  39  3:46  Marine  
  42  3:50  SCV  
  42  3:52  Supply Depot  
  42  3:55  SCV, Marine  
  44  3:56  Marine  
  44  3:59  Factory  
  44  4:02  SCV  
  47  4:03  Marine  
  47  4:05  Marine  
  47  4:07  SCV  
  50  4:13  Marine  
  50  4:14  SCV, Marine  
  50  4:15  Supply Depot  
  53  4:19  SCV  
  53  4:21  Marine  
  53  4:22  Marine  
  56  4:26  SCV  
  56  4:31  SCV, Marine  
  57  4:32  Marine  
  57  4:34  Supply Depot  
  57  4:38  SCV  
  61  4:39  Marine  
  61  4:40  Marine  
  61  4:43  SCV  
  64  4:49  Marine  
  64  4:50  SCV  
  64  4:52  Factory Reactor  
  66  4:53  Command Center  
  66  4:56  SCV  
  67  5:01  Starport  
  67  5:02  Marine  
  67  5:03  Marine  
  67  5:04  SCV  
  67  5:06  Marine  
  71  5:11  SCV  
  71  5:14  Refinery  
  71  5:16  Barracks Reactor, Refinery, SCV  
  71  5:20  Marine x2  
  73  5:22  Barracks  
  73  5:23  SCV  
  73  5:24  Barracks  
  73  5:27  Marine  
  75  5:28  SCV  
  76  5:35  SCV  
  76  5:38  Marine  
  76  5:40  Factory Reactor  
  76  5:41  Supply Depot  
  78  5:46  Engineering Bay x2  
  78  5:49  Supply Depot  
  78  6:02  Combat Shields  
  78  6:03  SCV x2, Medivac x2  
  84  6:09  Marine  
  84  6:10  Marine  
  86  6:11  Barracks Reactor  
  86  6:12  Barracks Reactor  
  86  6:13  Marine  
  86  6:15  SCV  
  88  6:19  Hellion  
  88  6:23  Marine x2  
  92  6:25  Terran Infantry Weapons Level 1  
  92  6:28  Marine x2  
  92  6:31  Marine  
  95  6:33  SCV  
  95  6:36  SCV  
  95  6:39  Medivac  
  99  6:41  Terran Infantry Armor Level 1  
  99  6:52  SCV x2  
  99  6:54  Orbital Command  
  101  6:59  Marine  
  101  7:00  Widow Mine  
  104  7:01  Armory  
  104  7:02  Marine  
  104  7:04  SCV x2  
  104  7:06  Marine x2  
  109  7:15  Supply Depot  
  109  7:18  SCV  
  109  7:19  Marine x2  
  109  7:20  SCV, Marine  
  109  7:21  Marine x2  
  107  7:24  Medivac x2  
  107  7:25  Marine  
  107  7:26  Marine, Marauder  
  107  7:29  SCV  
  102  7:30  SCV  
  102  7:36  Marine  
  97  7:38  Marine  
  97  7:40  SCV  
  97  7:45  Marine x2  
  97  7:47  Marauder  
  97  7:50  Marine  
  99  7:51  Concussive Shells  
  99  7:53  Medivac  
  99  7:54  Barracks x2  
  99  7:58  Marine x2  
  102  8:02  Widow Mine x2  
  102  8:03  Marine  
  108  8:07  Missile Turret  
  108  8:08  Marauder  
  108  8:09  Missile Turret  
  110  8:15  Marine  
  111  8:21  Command Center  
Tags
 
Add a new tag
Caveats
  • Supply blocks, unpowered buildings, or Contaminate may cause inaccurate times.
  • Supply counts are checked every 10 seconds.